 Dungeon Crawl Stone Soup version 0.31-a0-819-gf6de2f5ab6 (webtiles) character file.

Game seed: 11482136721199114860

64297 Shayle the Warrior (level 15, 0/174 HPs)
             Began as an Ogre Hexslinger on Sept 22, 2023.
             Was a High Priest of Kikubaaqudgha.
             Slain by a faun
             ... wielding a +2 spear of freezing
              (7 damage)
             ... on level 1 of the Shoals on Sept 23, 2023.
             The game lasted 02:05:49 (25258 turns).

Shayle the Warrior (Ogre Hexslinger)               Turns: 25258, Time: 02:05:50

Health: 0/174      AC: 12    Str: 16    XL:     15   Next: 12%
Magic:  3/24       EV:  9    Int: 20    God:    Kikubaaqudgha [*****.]
Gold:   310        SH:  5    Dex: 11    Spells: 2/27 levels left

rFire   . . .        x - +5 dire flail (drain)
rCold   + . .        (shield currently unavailable)
rNeg    + + .        K - +3 troll leather armour
rPois   +            t - +2 hat
rElec   .            s - +2 cloak
rCorr   +            (gloves unavailable)
SInv    .            (boots unavailable)
Will    +....        F - amulet of reflection
Stlth   +            Z - ring "Luahowk" {rC+ rN+ Stlth+}
HPRegen 1.29/turn    J - ring "Liopuuklo" {rPois rN+ Will+ rCorr}
MPRegen 0.19/turn

%: reflection
@: lit by a corona, weak-willed, glowing
A: large, unfitting armour, tough skin 1
a: Renounce Religion, Unearth Wretches, Torment


You were on level 1 of the Shoals.
You worshipped Kikubaaqudgha.
Kikubaaqudgha was extremely pleased with you.
You visited 5 branches of the dungeon, and saw 22 of its levels.
You visited 1 bazaar.
You also visited: Ice Cave.

You collected 2771 gold pieces.
You spent 2461 gold pieces at shops.

Inventory:

Hand Weapons
 c - the +6 dagger of the Apocalypse {heavy, Dex+5}
   (You found it on level 1 of the Lair of Beasts)

   Dex+5:     It affects your dexterity (+5).
 x - a +5 dire flail of draining (weapon)
Missiles
 v - 8 curare-tipped darts
 P - a throwing net
Armour
 s - a +2 cloak (worn)
 t - a +2 hat (worn)
 K - a +3 troll leather armour (worn)
Jewellery
 a - a ring of ice
 l - an amulet of guardian spirit
 m - a +4 ring of protection
 q - a ring of flight
 y - the ring of the Living Peach {rC+ Str+4}
   (You bought it in a shop in a bazaar)

   [ring of protection from cold]

   Str+4:     It affects your strength (+4).
   rC+:       It protects you from cold.
 z - a ring of protection from cold
 F - an amulet of reflection (around neck)
 J - the ring "Liopuuklo" (right hand) {rPois rN+ Will+ rCorr}
   (You bought it in a shop on level 2 of the Orcish Mines)

   [ring of willpower]

   rPois:     It protects you from poison rN+: It protects you from negative
   energy.
   Will+:     It increases your willpower.
   rCorr:     It protects you from acid and corrosion.
 Q - a ring of magical power
 U - a +6 ring of intelligence
 Z - the ring "Luahowk" (left hand) {rC+ rN+ Stlth+}
   (You found it on level 4 of the Lair of Beasts)

   [ring of positive energy]

   rC+:       It protects you from cold.
   rN+:       It protects you from negative energy.
   Stlth+:    It makes you more stealthy.
Wands
 h - a wand of light (5)
 r - a wand of roots (12)
 w - a wand of mindburst (11)
 I - a wand of paralysis (20)
 M - a wand of flame (10)
 W - a wand of polymorph (14)
Scrolls
 f - 4 scrolls of poison
 g - 2 scrolls of immolation
 j - 4 scrolls of torment
 k - 10 scrolls of teleportation
 L - 3 scrolls of revelation
 N - 4 scrolls of vulnerability
 V - a scroll of fog
 Y - a scroll of identify
Potions
 d - 2 potions of brilliance
 e - 2 potions of cancellation
 i - 2 potions of magic
 p - a potion of berserk rage
 u - 4 potions of mutation
 A - 3 potions of might
 B - a potion of lignification
 G - 5 potions of curing
 S - a potion of invisibility
 X - 3 potions of haste
Miscellaneous
 b - a condenser vane


   Skills:
 + Level 17.3 Fighting
 - Level 1.3 Ranged Weapons
 - Level 1.7 Dodging
 - Level 6.6 Spellcasting
 - Level 4.0 Conjurations
 + Level 8.3 Hexes
 + Level 13.6 Necromancy
 - Level 4.5 Fire Magic
 - Level 3.9 Air Magic
 + Level 9.8 Earth Magic
 - Level 3.9 Poison Magic


You had 2 spell levels left.
You knew the following spells:

 Your Spells              Type           Power      Damage    Failure   Level
a - Death Channel         Necr           28%        N/A       7%          6
b - Mephitic Cloud        Conj/Pois/Air  22%        N/A       7%          3
c - Vampiric Draining     Necr           57%        2d10      1%          3
d - Animate Dead          Necr           57%        N/A       1%          4
e - Borgnjor's Vile Clut  Necr/Erth      26%        N/A       2%          5
f - Anguish               Hex/Necr       25%        N/A       1%          4

Your spell library contained the following spells:

 Spells                   Type           Power      Damage    Failure   Level
 Kiss of Death            Conj/Necr      100%       2d13      1%          1
 Necrotise                Necr           100%       1d9       1%          1
 Jinxbite                 Hex            80%        N/A       1%          2
 Magic Dart               Conj           88%        1d7       2%          1
 Poisonous Vapours        Pois/Air       44%        N/A       3%          2
 Searing Ray              Conj           44%        2d6       3%          2
 Sting                    Tmut/Pois      56%        1d5       5%          1
 Call Imp                 Summ           12%        N/A       19%         2
 Lesser Beckoning         Tloc           12%        N/A       19%         2
 Sigil of Binding         Hex            40%        N/A       1%          3
 Dispel Undead            Necr           57%        3d20      1%          4
 Inner Flame              Hex/Fire       32%        N/A       2%          3
 Cause Fear               Hex            20%        N/A       3%          4
 Fulminant Prism          Conj/Hex       15%        3d10      10%         4
 Dimensional Bullseye     Hex/Tloc       11%        N/A       22%         4
 Olgreb's Toxic Radiance  Pois           22%        N/A       24%         4
 Gell's Gravitas          Tloc           6%         N/A       36%         3
 Teleport Other           Tloc           6%         N/A       36%         3
 Alistair's Intoxication  Tmut/Pois      9%         N/A       83%         5
 Eringya's Noxious Bog    Tmut/Pois      7%         4d6       100%        6


Dungeon Overview and Level Annotations

Branches:
Dungeon (13/15)            Temple (1/1) D:5            Lair (5/5) D:8
 Shoals (1/4) Lair:2       Spider (0/4) Lair:3        Slime (0/5) Lair:4
    Orc (2/2) D:9             Elf (0/3) Orc:2         IceCv (visited)
 Vaults: D:13-14

Altars:
Ashenzari
Cheibriados
Dithmenos
Elyvilon
Fedhas
Gozag
Hepliaklqana
Kikubaaqudgha
Makhleb
Nemelex Xobeh
Okawaru
Qazlal
Ru
Sif Muna
Trog
Uskayaw
Vehumet
Wu Jian
Xom
Yredelemnul
Zin
The Shining One
Jiyva

Shops:
D:1 (   D:3 ?   Orc:2 =?!(

Annotations:
D:9 3 runed translucent doors, Wurlitzer's ghost, journeyman GnFi
Temple 2 transporters


Innate Abilities, Weirdness & Mutations

You are too large for most types of armour.
You have tough skin. (AC +1)


Message History

The faun hits you from afar with a +0 spear.
* * * LOW HITPOINT WARNING * * *
The faun unwields a +0 club.
The faun wields a +0 sling.
The faun shoots a sling bullet.
The sling bullet hits you!
* * * LOW HITPOINT WARNING * * *
Your wind drake zombie bites the faun but does no damage.
Unknown command.
You feel better.
Your reaping aura expires.
The faun is no longer blind.
The faun barely misses you.
The faun unwields a +0 spear.
The faun wields a +0 sling.
The faun shoots a sling bullet.
The sling bullet hits you!
* * * LOW HITPOINT WARNING * * *
Your wind drake zombie barely misses the faun.
A merfolk impaler comes into view.
It is wielding a +2 trident of freezing.
Okay, then.
Okay, then.
Okay, then.
Okay, then.
Okay, then.
Okay, then.
Okay, then.
Casting: Borgnjor's Vile Clutch (mildly dangerous; 2% risk of failure)
Confirm with . or Enter, or press ? or * to list all spells.
Aiming: Mephitic Cloud (mildly dangerous; 7% risk of failure)
Press: ? - help, Shift-Dir - straight line, f - faun, p - faun
Aim: a faun, wielding a +0 sling (blue smoke, almost dead, chance to affect: 53%)
The ball explodes into a vile cloud!
The stinking cloud engulfs your wind drake zombie but does no damage.
Your wind drake zombie is heavily damaged.
The stinking cloud engulfs the faun but does no damage.
The faun is severely wounded.
The stinking cloud engulfs the faun but does no damage.
The faun is heavily wounded.
The stinking cloud engulfs the faun but does no damage.
The faun is almost dead.
The stinking cloud engulfs you but does no damage.
The faun hits you from afar with a +2 spear of freezing!
You die...
Kikubaaqudgha rasps: "You have failed me!
Welcome... death!"

.##..##..~......
~~.......~c~....
~.........~~..#
≈....~!.c.Z~?#
≈≈..~~..)..c.#
≈≈≈≈~.§§m§§§.# ###...###.
≈≈≈≈≈.§§c○§§.####........~
~≈≈≈..§cZc§~.....~~~~~...~
......§§§@§~...~≈≈≈~~~....
.....~§§§.§≈≈≈≈≈≈≈≈~~~~~~~
##...~§§..≈≈≈≈≈≈≈≈≈≈≈~~~~≈
##.......≈≈≈≈≈≈≈≈≈≈≈~~~~≈
##......~≈≈≈~≈≈~..~~~~~~
###.....≈≈≈....##..~~~~
####..~≈≈~~.####.~~~~
~.... ####..~~~~≈†##
#.~~P~ ~...#
####....~..~~~..# ##..~~


You could see a merfolk impaler, 3 fauns and a friendly wind drake zombie
(weak-willed).

Vanquished Creatures
  5 hydras
  2 centaur warriors (Shoals:1)
  A boulder beetle (D:11)
  3 two-headed ogres
  A death yak (Lair:2)
  A skyshark (Shoals:1)
  A sea snake (Shoals:1)
  Pikel (D:7)
  A harpy (Shoals:1)
  5 orc sorcerers (Orc:2)
  4 ugly things
  An ugly thing zombie (D:12)
  2 manticores
  A cyclops (D:12)
  A merfolk siren (Lair:2)
  Joseph (D:8)
  3 ice statues (IceCv)
  2 black mambas (Lair:4)
  A gargoyle (D:11)
  4 cane toads
  4 rime drakes
  A tengu conjurer (D:13)
  A tyrant leech (Lair:5)
  A troll (D:8)
  2 merfolk (Shoals:1)
  5 blink frogs
  2 wind drakes (Shoals:1)
  2 dream sheep (Lair:5)
  Sigmund (D:5)
  A shadow (D:12)
  A wraith (D:11)
  A basilisk (Lair:1)
  A wyvern (D:10)
  20 yaks
  A steam dragon (D:9)
  Edmund (D:5)
  A harpy simulacrum (IceCv)
  Menkaure (D:4)
  A vampire mosquito (Lair:5)
  A death yak simulacrum (D:13)
  6 wargs
  5 water moccasins
  An acid dragon (D:10)
  14 orc warriors
  2 ice beasts (IceCv)
  A sky beast (D:6)
  2 ogres
  A manticore zombie (Shoals:1)
  15 wolves
  2 centaurs
  3 kobold brigands
  10 bullfrogs
  A gnoll sergeant (D:9)
  A cane toad simulacrum (IceCv)
  A scorpion (D:7)
  2 two-headed ogre simulacra (D:13)
  8 wights
  A yak zombie (D:11)
  An elephant simulacrum (IceCv)
  A killer bee (D:9)
  3 electric eels
  7 howler monkeys
  4 jellies
  10 orc priests
  8 hounds
  Crazy Yiuf (D:5)
  3 sleepcaps (D:6)
  7 iguanas
  29 orc wizards
  A troll simulacrum (D:13)
  2 polar bear simulacra (D:13)
  A spriggan simulacrum (D:13)
  5 gnolls (D:3)
  A naga simulacrum (D:13)
  8 adders
  2 shadow imps
  3 white imps
  An ufetubus (D:7)
  3 worms
  2 dart slugs
  59 orcs
  7 endoplasms
  5 giant cockroaches
  3 goblins (D:1)
  3 hobgoblins
  5 jackals
  3 quokkas
  4 ball pythons
  6 bats
  A frilled lizard (D:1)
  20 kobolds
  2 orc zombies
  6 rats
393 creatures vanquished.

Vanquished Creatures (collateral kills)
  A merfolk impaler (Shoals:1)
  A centaur warrior (Shoals:1)
  A two-headed ogre (D:12)
  Sonja (Lair:5)
  A skyshark (Lair:3)
  An orange crystal statue (Lair:1)
  An ugly thing (IceCv)
  2 orc sorcerers (Orc:2)
  4 fauns (Shoals:1)
  A merfolk siren (Lair:2)
  6 black mambas
  A torpor snail (Lair:5)
  19 cane toads
  A rime drake (Lair:5)
  6 komodo dragons
  5 merfolk
  2 tyrant leeches (Lair:5)
  A hornet (D:11)
  2 trolls
  9 blink frogs
  2 dream sheep (Lair:5)
  2 dire elephant simulacra (IceCv)
  13 yaks
  A basilisk (Lair:2)
  6 vampire mosquitoes
  2 death yak simulacra (IceCv)
  A steam dragon (D:9)
  2 wargs
  A hydra simulacrum (IceCv)
  6 water moccasins
  4 orc warriors (Orc:1)
  A black bear (Lair:2)
  4 ogres
  10 wolves
  A centaur (Lair:2)
  12 bullfrogs
  4 wights (D:9)
  A howler monkey (D:8)
  2 electric eels
  A basilisk zombie (Lair:1)
  A hound (D:8)
  3 orc priests (Orc:1)
  6 jellies
  9 orc wizards
  A polar bear simulacrum (IceCv)
  2 gnolls (D:3)
  3 adders
  2 white imps
  An ufetubus (D:6)
  22 orcs
  A kobold (D:9)
193 creatures vanquished.

Vanquished Creatures (others)
  2 hydras
  3 harpies (Shoals:1)
  An ugly thing zombie (IceCv)
  An orc sorcerer (Orc:2)
  A manticore (Shoals:1)
  An elephant (Lair:5)
  7 cane toads
  A gargoyle (D:12)
  2 centaur zombies (Shoals:1)
  A komodo dragon (Lair:4)
  2 rime drakes (Lair:4)
  A death yak zombie (Lair:2)
  4 harpy zombies (Shoals:1)
  A hydra zombie (Lair:5)
  3 merfolk (Shoals:1)
  4 blink frogs
  6 slime creatures (D:13)
  3 black mamba zombies
  A wyvern (Lair:3)
  2 yaks
  A basilisk (Lair:4)
  8 cane toad zombies
  A skyshark zombie (Lair:3)
  6 water moccasins
  A black bear (D:5)
  A blink frog zombie (Lair:5)
  5 merfolk zombies
  An elephant zombie (Lair:5)
  6 ice beasts (IceCv)
  A sky beast (D:8)
  4 rime drake zombies
  7 water moccasin zombies
  A wyvern zombie (Lair:3)
  A gnoll sergeant (D:8)
  2 warg zombies (Orc:1)
  4 yak zombies
  5 wolf zombies (Lair:3)
  An electric eel (D:8)
  4 bullfrog zombies
  8 orc wizards
  An ogre zombie (Orc:1)
  3 ice beast zombies (IceCv)
  A howler monkey zombie (D:8)
  7 orcs
  32 orc zombies
159 creatures vanquished.

Grand Total: 745 creatures vanquished

Notes
Turn   | Place    | Note
-------+----------+-------------------------------------------
     0 | D:1      | Shayle the Ogre Hexslinger began the quest for the Orb.
     0 | D:1      | Reached XP level 1. HP: 19/19 MP: 2/2
    41 | D:1      | Reached skill level 1 in Fire Magic
   218 | D:1      | Found Nualoca's Weapon Boutique.
   275 | D:1      | Found a faded altar of an unknown god.
   330 | D:1      | Reached XP level 2. HP: 28/28 MP: 4/4
   424 | D:1      | Reached skill level 2 in Fighting
   824 | D:2      | Reached XP level 3. HP: 16/36 MP: 4/6
   833 | D:2      | Learned a level 2 spell: Call Imp
  1147 | D:2      | Reached skill level 3 in Fighting
  1321 | D:2      | Reached XP level 4. HP: 38/45 MP: 7/7
  1629 | D:4      | Reached XP level 5. HP: 46/53 MP: 9/9
  1879 | D:4      | Noticed Menkaure
  1884 | D:4      | HP: 3/81 [Menkaure (16)]
  1890 | D:4      | HP: 5/121 [Menkaure (9)]
  1893 | D:4      | Killed Menkaure
  1893 | D:4      | HP: 2/81 [worm (3)]
  1894 | D:4      | Reached skill level 4 in Fighting
  1894 | D:4      | Reached XP level 6. HP: 2/63 MP: 9/11
  2062 | D:4      | Reached skill level 5 in Fighting
  2273 | D:3      | Learned a level 3 spell: Mephitic Cloud
  2357 | D:3      | Found a sparkling altar of Nemelex Xobeh.
  2934 | D:3      | Reached XP level 7. HP: 72/72 MP: 13/13
  2955 | D:3      | Found Reiqoi Tuyf's Magic Scroll Shop.
  2969 | D:3      | Bought a scroll of identify for 28 gold pieces
  2969 | D:3      | Bought a scroll of fear for 56 gold pieces
  2969 | D:3      | Bought a scroll of teleportation for 42 gold pieces
  3052 | D:3      | Noticed a shadow
  3053 | D:3      | Found a shadowy altar of Dithmenos.
  3054 | D:3      | Found a hazy altar of Hepliaklqana.
  3747 | D:5      | Entered Level 5 of the Dungeon
  3858 | D:5      | Reached skill level 1 in Conjurations
  3858 | D:5      | Reached skill level 1 in Poison Magic
  3919 | D:5      | Reached skill level 1 in Air Magic
  4331 | D:5      | Noticed Edmund
  4463 | D:5      | Reached skill level 6 in Fighting
  4463 | D:5      | Reached XP level 8. HP: 83/83 MP: 8/15
  4475 | D:5      | Found a burning altar of Makhleb.
  4556 | D:5      | Found a staircase to the Ecumenical Temple.
  4566 | Temple   | Found a transporter.
  4566 | Temple   | Found a transporter.
  4566 | Temple   | Found a transporter.
  4566 | Temple   | Found a transporter.
  4566 | Temple   | Entered the Ecumenical Temple
  4579 | Temple   | Became a worshipper of Kikubaaqudgha
  4608 | D:5      | Noticed Sigmund
  4627 | D:5      | Reached skill level 5 in Spellcasting
  4632 | D:5      | Killed Sigmund
  4984 | D:5      | Found a runed translucent door.
  4985 | D:5      | Noticed Crazy Yiuf
  5005 | D:5      | Killed Crazy Yiuf
  5193 | D:5      | Killed Edmund
  6233 | D:6      | Reached skill level 7 in Fighting
  6417 | D:6      | Reached XP level 9. HP: 35/91 MP: 17/17
  6625 | D:7      | Reached * piety under Kikubaaqudgha
  6625 | D:7      | Received a gift from Kikubaaqudgha
  6832 | D:7      | Noticed Pikel
  6842 | D:7      | Killed Pikel
  6872 | D:6      | Learned a level 3 spell: Vampiric Draining
  6877 | D:6      | Learned a level 4 spell: Animate Dead
  6961 | D:6      | Reached skill level 8 in Fighting
  6961 | D:6      | Reached skill level 1 in Necromancy
  7224 | D:7      | Reached ** piety under Kikubaaqudgha
  7449 | D:7      | Reached XP level 10. HP: 48/99 MP: 19/19
  7459 | D:7      | Reached skill level 9 in Fighting
  8144 | D:8      | Noticed a two-headed ogre
  8167 | D:8      | Killed a two-headed ogre
  8168 | D:8      | Reached skill level 5 in Necromancy
  8490 | D:8      | Found a staircase to the Lair.
  8682 | D:8      | Reached skill level 10 in Fighting
  8779 | D:8      | Found a blossoming altar of Fedhas.
  8780 | D:8      | Identified the +2 battleaxe of the Shouting Puffin {venom,
                  | Fragile rN+ Int+3}
  8885 | D:8      | Noticed a two-headed ogre
  8910 | D:8      | Killed a two-headed ogre
  9162 | D:8      | Noticed Joseph
  9176 | D:8      | Killed Joseph
  9450 | Lair:1   | Entered Level 1 of the Lair of Beasts
  9450 | Lair:1   | Noticed a cane toad
  9458 | Lair:1   | Killed a cane toad
  9459 | Lair:1   | Reached skill level 11 in Fighting
  9464 | Lair:1   | Reached XP level 11. HP: 84/120 MP: 14/20
  9538 | Lair:1   | Reached skill level 1 in Earth Magic
  9652 | Lair:1   | Learned a level 5 spell: Borgnjor's Vile Clutch
  9928 | Lair:1   | Reached *** piety under Kikubaaqudgha
  9928 | Lair:1   | Received a gift from Kikubaaqudgha
 10082 | Lair:1   | Reached skill level 12 in Fighting
 10635 | Lair:2   | Noticed a seven-headed hydra
 10647 | Lair:2   | Killed a seven-headed hydra
 10648 | Lair:2   | Reached skill level 10 in Necromancy
 10648 | Lair:2   | Reached XP level 12. HP: 133/133 MP: 8/21
 11059 | Lair:2   | Reached skill level 13 in Fighting
 11336 | Lair:2   | Found a staircase to the Shoals.
 11511 | Lair:2   | Noticed a seven-headed hydra
 11521 | Lair:2   | Killed a seven-headed hydra
 11707 | Lair:3   | Noticed a skyshark
 11711 | Lair:3   | Reached skill level 5 in Earth Magic
 11716 | Lair:3   | Killed a skyshark
 12042 | Lair:3   | Learned a level 4 spell: Anguish
 12076 | Lair:3   | Found a hole to the Spider Nest.
 12324 | Lair:3   | Noticed a seven-headed hydra
 12336 | Lair:3   | Killed a seven-headed hydra
 12666 | Lair:4   | Noticed a six-headed hydra
 12925 | Lair:4   | Reached skill level 14 in Fighting
 13155 | Lair:4   | Found a staircase to the Slime Pits.
 13156 | Lair:4   | Identified the ring "Luahowk" {rC+ rN+ Stlth+}
 13171 | Lair:4   | Noticed a four-headed hydra
 13190 | Lair:4   | Killed a four-headed hydra
 13367 | Lair:4   | Found a snail-covered altar of Cheibriados.
 13425 | Lair:4   | Reached XP level 13. HP: 146/146 MP: 18/22
 14412 | Lair:5   | Entered Level 5 of the Lair of Beasts
 14601 | Lair:5   | Learned a level 6 spell: Death Channel
 14824 | Lair:5   | Noticed Sonja
 14832 | Lair:5   | Killed Sonja
 14885 | Lair:5   | Upgraded the game from 0.31-a0-818-ge7c7cf74f0 to
                  | 0.31-a0-819-gf6de2f5ab6
 15037 | Lair:5   | Reached skill level 15 in Fighting
 15037 | Lair:5   | Reached skill level 5 in Hexes
 16343 | Lair:1   | Identified the +6 dagger of the Apocalypse {heavy, Dex+5}
 16946 | D:9      | Found a staircase to the Orcish Mines.
 17149 | D:9      | Found a sacrificial altar of Ru.
 17531 | D:9      | Found a runed translucent gate.
 17531 | D:9      | Found a runed translucent gate.
 17531 | D:9      | Found a runed translucent gate.
 17532 | D:9      | Found a viscous altar of Jiyva.
 17532 | D:9      | Noticed Wurlitzer's ghost (journeyman GnFi)
 17760 | Orc:1    | Entered Level 1 of the Orcish Mines
 17772 | Orc:1    | Reached **** piety under Kikubaaqudgha
 17791 | Orc:1    | Reached XP level 14. HP: 161/161 MP: 8/23
 18450 | Orc:2    | Entered Level 2 of the Orcish Mines
 18688 | Orc:2    | Reached skill level 16 in Fighting
 18692 | Orc:2    | Reached ***** piety under Kikubaaqudgha
 18697 | Orc:2    | Found Eceuleiqen's Antique Weapon Emporium.
 18697 | Orc:2    | Found Aphel's Distillery.
 18910 | Orc:2    | Found Raic's Jewellery Boutique.
 18910 | Orc:2    | Found Lozxulea's Magic Scroll Emporium.
 19017 | Orc:2    | Bought a scroll of acquirement for 676 gold pieces
 19017 | Orc:2    | Acquired 482 gold pieces
 19023 | Orc:2    | Bought a scroll of enchant armour for 97 gold pieces
 19123 | Orc:2    | Bought a potion of curing for 45 gold pieces
 19123 | Orc:2    | Bought 2 potions of mutation for 240 gold pieces
 19155 | Orc:2    | Found a staircase to the Elven Halls.
 20054 | D:10     | Entered Level 10 of the Dungeon
 20127 | Orc:2    | Bought the ring "Liopuuklo" {rPois rN+ Will+ rCorr} for 690
                  | gold pieces
 20225 | D:10     | Found a glowing golden altar of the Shining One.
 20278 | D:10     | Found a shimmering altar of Xom.
 20295 | D:10     | Found a basalt altar of Yredelemnul.
 20396 | D:10     | Found a broken altar of Ashenzari.
 20464 | D:10     | Found a white marble altar of Elyvilon.
 22384 | D:12     | Found an ornate altar of the Wu Jian Council.
 22682 | D:12     | You fall into a shaft and drop 1 floor!
 22707 | D:13     | Found a flickering gateway to a bazaar.
 22722 | Bazaar   | Entered a bazaar
 22722 | Bazaar   | Found Uguip's Armour Emporium.
 22727 | Bazaar   | Found Totom's Assorted Antiques.
 22734 | Bazaar   | Found Oxotrue's Armour Boutique.
 22736 | Bazaar   | Bought an ivory wand for 56 gold pieces
 22736 | Bazaar   | Bought a wand of roots (7) for 235 gold pieces
 22736 | Bazaar   | Bought a wand of paralysis (3) for 100 gold pieces
 22736 | Bazaar   | Bought a crude wooden ring for 70 gold pieces
 22736 | Bazaar   | Identified the ring of the Living Peach {rC+ Str+4} (You
                  | bought it in a shop in a bazaar)
 22736 | Bazaar   | Bought 3 scrolls of teleportation for 126 gold pieces
 22747 | Bazaar   | Found Hajij's Assorted Antiques.
 22748 | Bazaar   | Found Agiem's Book Boutique.
 22830 | D:13     | Found a frozen archway.
 22933 | IceCv    | Entered an ice cave
 23969 | Shoals:1 | Entered Level 1 of the Shoals
 24118 | Shoals:1 | Reached skill level 17 in Fighting
 24700 | Shoals:1 | Reached XP level 15. HP: 156/174 MP: 3/24
 25257 | Shoals:1 | HP: 6/174 [faun/sling bullet (11)]
 25258 | Shoals:1 | Slain by a faun

Illustrated notes

Levels and vault maps discovered:
D:1:      dpeg_arrival_simpleton_c, layout_basic,
          hellmonk_ecumenical_altar_blasted, serial_shops,
          nicolae_shop_bloodbath_and_beyond
D:2:      layout_rooms
D:3:      layout_loops_corners, riverfiend_overflow_shadow_ancestor,
          nemelex_dance_club_becter, serial_shops, nicolae_shop_statue_plus,
          grunt_decor_cap, feat_on_display
D:4:      layout_layer_cave, uniq_menkaure
D:5:      layout_loops_cross, mainiacjoe_overflow_boulevard,
          minmay_temple_entry_antechambers, nicolae_the_louvre, uniq_sigmund,
          uniq_crazy_yiuf_cottage, uniq_edmund
D:6:      layout_loops_corners
D:7:      layout_basic, minmay_fractal_squares_diagonal_5, uniq_pikel
D:8:      layout_basic, fedhas_altar_4, erik_lair_island, uniq_joseph
D:9:      layout_rooms, nicolae_ru_sacrificial_ziggurat, orc_0_dummy,
          gammafunk_ghost_ooze, kennysheep_generic_room_8
D:10:     layout_basic, elyvilon_altar_5, cheibrodos_ashenzari_chains,
          nicolae_tso_swordbearing_angel, mainiacjoe_overflow_catch_the_wave
D:11:     layout_loops_ring
D:12:     layout_roguey, hangedman_feature_mirror, chequers_serial_rivers_marsh
D:13:     layout_roguey, erik_vaults_1, portal_ice_cave_entry_ice_simulacra,
          serial_shops, freezing_bzr
Temple:   hellmonk_temple_divided_pantheon
Lair:1:   statuecave_lemuel, layout_cave_pods
Lair:2:   layout_chaotic_city, elwin_shoals_entry_stream,
          grunt_forest_large_clearing_hut, grunt_megastairs_3,
          infiniplex_staircase_pool, serial_bayou_shore_a
Lair:3:   layout_concentric_octagons, spider_nest_entry_a
Lair:4:   layout_cave_pods, nicolae_slime_entry_field_trip, basic_altar,
          grunt_forest_small_clearing_treed, grunt_megastairs_5
Lair:5:   minmay_lair_end_frog_pond, layout_gridlike, uniq_sonja
Shoals:1: layout_shoals, nicolae_shoals_stone_sculpture_thing
Orc:1:    layout_caves
Orc:2:    st_orc_town, layout_diamond_mine

Skill      XL: |  1  2  3  4  5  6  7  8  9 10 11 12 13 14 |
---------------+-------------------------------------------+-----
Fire Magic     | 1 2 3 4 |  4.5
Fighting       | 2 3 4 5 6 7 8 11 12 14 15 17 | 17.3
Spellcasting   | 2 3 4 5 6 |  6.6
Conjurations   | 1 3 4 |  4.0
Poison Magic   | 1 3 |  3.9
Air Magic      | 1 3 |  3.9
Necromancy     | 3 7 10 11 12 13 | 13.6
Earth Magic    | 4 6 8 9 |  9.8
Hexes          | 3 6 8 |  8.3
Ranged Weapons | |  1.3
Dodging        | |  1.7

Action                     |  1- 3 |  4- 6 |  7- 9 | 10-12 | 13-15 || total
---------------------------+-------+-------+-------+-------+-------++-------
  Melee: Dagger            |    55 |    42 |   182 |       |       ||   279
         Punch             |     1 |     1 |     2 |       |       ||     4
         Dire flail        |       |       |   113 |   200 |   536 ||   849
   Fire: Sling             |    70 |    70 |    56 |       |       ||   196
   Cast: Call Imp          |       |    11 |    29 |     4 |     1 ||    45
         Mephitic Cloud    |       |       |    32 |    37 |    35 ||   104
         Animate Dead      |       |       |       |     7 |    27 ||    34
         Borgnjor's Vile C |       |       |       |    30 |   140 ||   170
         Anguish           |       |       |       |     6 |    19 ||    25
         Death Channel     |       |       |       |       |    16 ||    16
 Invoke: Unearth Wretches  |       |       |       |     7 |     8 ||    15
  Evoke: Wand              |       |       |       |     4 |    21 ||    25
         Phantom mirror    |       |       |       |       |     2 ||     2
    Use: Potion            |       |     4 |       |       |    10 ||    14
         Scroll            |       |     4 |    10 |     9 |    14 ||    37
   Stab: Sleeping          |       |     1 |     1 |     1 |       ||     3
         Confused          |       |       |     8 |     7 |     3 ||    18
         Paralysed         |       |       |       |     7 |     6 ||    13
         Distracted        |       |       |       |       |     4 ||     4
 Armour: Robe              |    63 |    62 |   243 |    37 |       ||   405
         Skin              |       |    14 |       |       |       ||    14
         Troll leather arm |       |       |       |   159 |   800 ||   959
  Dodge: Dodged            |    77 |    44 |   150 |   102 |   321 ||   694
  Block: Other             |       |       |     8 |    46 |   173 ||   227
         Reflection        |       |       |       |     1 |    12 ||    13

Table legend: (Time is in decaauts)
 A = Elapsed time spent in this place.
 B = Non-inter-level travel time spent in this place.
 C = Inter-level travel time spent in this place.
 D = Time resting spent in this place.
 E = Time spent auto-exploring this place.
 F = Levels seen in this place.
 G = Mean time per level.
                   A        B        C        D        E       F      G
               +--------+--------+--------+--------+--------+-----+--------+
         Total |  25617 |  24405 |   1212 |   4793 |  13030 |  24 | 1067.4 |
       Dungeon |  13428 |  12650 |    778 |   1617 |   7632 |  13 | 1032.9 |
        Temple |     30 |     14 |     16 |      0 |      0 |   1 |   30.0 |
          Lair |   7442 |   7218 |    224 |   1759 |   3769 |   5 | 1488.4 |
        Shoals |   1299 |   1299 |      0 |    648 |    351 |   1 | 1299.0 |
  Orcish Mines |   2452 |   2259 |    193 |    296 |   1278 |   2 | 1226.0 |
        Bazaar |     42 |     42 |      0 |      0 |      0 |   1 |   42.0 |
      Ice Cave |    920 |    920 |      0 |    473 |      0 |   1 |  920.0 |
               +--------+--------+--------+--------+--------+-----+--------+

Top non-repeatable levels by time:
  Lair:5: 1811 daAuts
  Lair:4: 1714 daAuts
   Orc:2: 1655 daAuts
  Lair:1: 1600 daAuts
     D:7: 1599 daAuts
     D:6: 1536 daAuts
     D:4: 1506 daAuts
     D:5: 1300 daAuts
Shoals:1: 1299 daAuts
  Lair:2: 1224 daAuts
     D:8: 1221 daAuts
     D:3: 1117 daAuts
  Lair:3: 1092 daAuts
    D:11: 982 daAuts
    D:10: 936 daAuts
